 Dungeon Crawl Stone Soup version 0.31-a0-1010-g5322dac6a2 (webtiles) character file.

Game seed: 17085735612625586891

35 kae the Vexing (level 3, -3/24 HPs)
             Began as a Demonspawn Enchanter on Nov 16, 2023.
             Killed from afar by a dart slug (6 damage)
             ... with a slug dart
             ... on level 2 of the Dungeon.
             The game lasted 00:00:57 (1055 turns).

kae the Vexing (Demonspawn Enchanter)               Turns: 1055, Time: 00:00:57

Health: -3/24      AC:  2    Str: 10    XL:     3   Next: 16%
Magic:  6/6        EV:  9    Int: 16    God:
Gold:   31         SH:  7    Dex: 13    Spells: 6/6 levels left

rFire   . . .        a - +1 dagger
rCold   . . .        d - +0 kite shield
rNeg    . . .        b - +0 robe
rPois   .            (no helmet)
rElec   .            (no cloak)
rCorr   .            (no gloves)
SInv    .            (no boots)
Will    .....        (no amulet)
Stlth   ++           (no ring)
HPRegen 0.24/turn    (no ring)
MPRegen 0.20/turn

%: no passive effects
@: lethally poisoned (-3 -> -10)
A: magic regeneration
a: no special abilities


You were on level 2 of the Dungeon.
You visited 1 branch of the dungeon, and saw 2 of its levels.

You collected 31 gold pieces.


Innate Abilities, Weirdness & Mutations

You regenerate magic rapidly.


   Skills:
 * Level 1.8 Short Blades
 - Level 1.7 Dodging
 + Level 3.0 Stealth
 + Level 2.3 Spellcasting
 + Level 3.3 Hexes


You had 6 spell levels left.
You didn't know any spells.
Your spell library contained the following spells:

 Spells                   Type           Power      Damage    Failure   Level
 Ensorcelled Hibernation  Hex/Ice        14%        N/A       65%         2
 Confusing Touch          Hex            12%        N/A       65%         3
 Tukima's Dance           Hex            12%        N/A       65%         3
 Dazzling Flash           Conj/Hex       14%        N/A       86%         3

Inventory:

Hand Weapons
 a - a +1 dagger (weapon)
Missiles
 f - 5 poisoned darts
 g - 22 stones
Armour
 b - a +0 robe (worn)
 d - a +0 kite shield (worn)
   (You found it on level 1 of the Dungeon)
Scrolls
 i - a scroll of fear {unknown}
Potions
 c - 2 potions of invisibility
 e - a potion of attraction {unknown}
 h - a potion of degeneration {unknown}
 j - a potion of lignification {unknown}

Dungeon Overview and Level Annotations

Branches:
Dungeon (2/15) Zot: 10919

Altars:

#... ... #... ..#
. #... #.# #
..##[.. ..#.#
.......###.#.##
..............#
......).S(.# .#
.###..##S#.# .# #.
#@#.# .# .. #w#.#
.#
.w...##.#.##.####
............<....#
...........#######
.....###### ....(
###. #


You could see 2 adders and a dart slug.


Message History

You see here 4 stones.
The bat hits you but does no damage. 😕 HP[+1]
You block the bat's attack. The bat hits you but does no damage.
The bat hits you. 😕 HP[-1]
You take 1 damage, and now have 20/24 hp.
You hit the bat but do no damage. The bat barely misses you.
The bat hits you but does no damage.
You closely miss the bat. You block the bat's attack. x2 😕 HP[+1]
You hit the bat but do no damage. The bat closely misses you. x2
You barely miss the bat. You block the bat's attack.
The bat hits you but does no damage. You block the bat's attack.
You closely miss the bat.
The bat hits you but does no damage. 😕 HP[+1]
You closely miss the bat. The bat closely misses you.
The bat barely misses you.
You hit the bat. The bat barely misses you.
The bat hits you but does no damage. You block the bat's attack.
You hit the bat. You block the bat's attack. 😕 HP[+1]
You barely miss the bat. The bat hits you but does no damage.
You hit the bat.
You kill the bat!
No target in view!
No target in view!
No target in view!
No target in view!
You start resting. 😎 HP[+1]
Your hp is fully restored (24).
Search for what [Enter for "shield", or ? for help]? cloak An endoplasm comes into view.
There are no items here.
The endoplasm quivers.
An adder comes into view.
The adder hisses angrily.
You hit the endoplasm.
The endoplasm hits you but does no damage.
You hit the endoplasm but do no damage.
An adder comes into view.
You block the endoplasm's attack.
A dart slug comes into view.
The adder hisses angrily.
You hit the endoplasm. The endoplasm barely misses you.
The endoplasm freezes you.
You are frozen. 😕 HP[-3]
You take 3 damage, and now have 21/24 hp.
You hit the endoplasm.
You kill the endoplasm!
The adder bites you. x2
You are poisoned.
The adder poisons you!
You closely miss the adder.
You feel sick.
You block the adder's attack. x2 😮 HP[-6]
You take 6 damage, and now have 15/24 hp.
MASSIVE DAMAGE!! (PAUSE)
You feel sick. The adder closely misses you.
You feel sick. The adder attacks as it pursues you!
The adder closely misses you. 😮 HP[-1]
You take 1 damage, and now have 14/24 hp.
You barely miss the adder.
You feel sick.
You are no longer poisoned.
The adder closely misses you. 😮 HP[-1]
You take 1 damage, and now have 13/24 hp.
You closely miss the adder. The adder completely misses you.
The adder barely misses you.
You hit the adder. You block the adder's attack.
The adder closely misses you. 😮 HP[+1]
You hit the adder. The adder misses you.
You barely miss the adder. The adder closely misses you. x2
The dart slug launches a dart at you. The slug dart hits you.
* * * LOW HITPOINT WARNING * * *
😨 HP[-5]
You take 5 damage, and now have 9/24 hp.
MASSIVE DAMAGE!! (PAUSE)
You hit the adder. The adder closely misses you. 😨 HP[+1]
You barely miss the adder. The adder bites you.
* * * LOW HITPOINT WARNING * * *
You are poisoned.
The adder poisons you! You block the adder's attack. 😨 HP[-2]
You take 2 damage, and now have 8/24 hp.
You barely miss the adder.
You feel sick. You block the adder's attack.
The dart slug briefly extends its eye-stalks. 😱 HP[-2]
You take 2 damage, and now have 6/24 hp.
You barely miss the adder.
You feel sick. The adder bites you.
* * * LOW HITPOINT WARNING * * *
You are lethally poisoned!
The adder poisons you! The adder barely misses you.
The dart slug launches a dart at you. The slug dart hits you.
You die...

Skill      XL: |  1  2 |
---------------+-------+-----
Short Blades   | 1 |  1.8
Stealth        | 3 |  3.0
Dodging        | |  1.7
Spellcasting   | |  2.3
Hexes          | |  3.3

Action                     || total
---------------------------++-------
  Melee: Dagger            ||   138
   Stab: Sleeping          ||     5
 Armour: Robe              ||    63
  Dodge: Dodged            ||    75
  Block: Kite shield       ||    48

Levels and vault maps discovered:
D:1:      psy_arrival_spokes, layout_basic, nicolae_hexahallways
D:2:      layout_basic

Notes
Turn   | Place    | Note
-------+----------+-------------------------------------------
     0 | D:1      | kae the Demonspawn Enchanter began the quest for the Orb.
     0 | D:1      | Reached XP level 1. HP: 13/13 MP: 3/3
     0 | D:1      | magus.rc [v1.11.3]
    81 | D:1      | Reached skill level 1 in Short Blades
   111 | D:1      | HP: 3/13 [quokka (4)]
   189 | D:1      | HP: 1/13 [dart slug/slug dart (6)]
   191 | D:1      | Gained mutation: You regenerate magic rapidly. [demonic
                  | ancestry]
   191 | D:1      | Reached XP level 2. HP: 2/19 MP: 5/5
   346 | D:1      | HP: 4/19 [quokka (2)]
   353 | D:1      | HP: 3/19 [quokka (3)]
   650 | D:1      | HP: 4/19 [frozen (3)]
   764 | D:1      | Reached skill level 3 in Stealth
   994 | D:2      | Reached XP level 3. HP: 23/24 MP: 6/6
  1054 | D:2      | HP: 6/24 [poisoned by an adder]
  1055 | D:2      | Killed from afar by a dart slug

Vanquished Creatures
  2 dart slugs (D:1)
  5 endoplasms
  A giant cockroach (D:1)
  4 goblins
  2 hobgoblins (D:1)
  A kobold (D:1)
  4 quokkas (D:1)
  2 bats
  A frilled lizard (D:1)
  4 rats (D:1)
26 creatures vanquished.

Table legend:
 A = Non-vault XP
 B = Vault XP
 C = Vault XP percentage of total XP
 D = Non-vault monster count
 E = Vault monster count
 F = Vault count percentage of total count
                 A         B        C        D         E       F
            +---------+---------+-------+---------+---------+-------
      Total |      50 |       0 |   0.0 |      26 |       0 |   0.0
            +---------+---------+-------+---------+---------+-------
        D:1 |      40 |       0 |   0.0 |      21 |       0 |   0.0
        D:2 |      10 |       0 |   0.0 |       5 |       0 |   0.0
            +---------+---------+-------+---------+---------+-------

Skill      XL: |  1  2 |
---------------+-------+-----
Short Blades   | 1 |  1.8
Stealth        | 3 |  3.0
Dodging        | |  1.7
Spellcasting   | |  2.3
Hexes          | |  3.3

Action                     || total
---------------------------++-------
  Melee: Dagger            ||   138
   Stab: Sleeping          ||     5
 Armour: Robe              ||    63
  Dodge: Dodged            ||    75
  Block: Kite shield       ||    48

Illustrated notes

Table legend:
 A = Kills in this place as a percentage of kills in the entire game.
 B = Kills by you in this place as a percentage of kills by you in the entire game.
 C = Kills by friends in this place as a percentage of kills by friends in the entire game.
 D = Other kills in this place as a percentage of other kills in the entire game.
 E = Experience gained in this place as a percentage of experience gained in the entire game.
 F = Experience gained in this place divided by the number of levels of this place that you have seen.
                   A       B       C       D       E      F
               +-------+-------+-------+-------+-------+----------------------
         Total | 100.0 | 100.0 |   N/A |   N/A | 100.0 |  25.0
       Dungeon | 100.0 | 100.0 |   N/A |   N/A | 100.0 |  25.0
               +-------+-------+-------+-------+-------+----------------------

Table legend: (Time is in decaauts)
 A = Elapsed time spent in this place.
 B = Non-inter-level travel time spent in this place.
 C = Inter-level travel time spent in this place.
 D = Time resting spent in this place.
 E = Time spent auto-exploring this place.
 F = Levels seen in this place.
 G = Mean time per level.
                   A        B        C        D        E       F      G
               +--------+--------+--------+--------+--------+-----+--------+
         Total |   1079 |   1039 |     40 |     56 |    712 |   2 |  539.5 |
       Dungeon |   1079 |   1039 |     40 |     56 |    712 |   2 |  539.5 |
               +--------+--------+--------+--------+--------+-----+--------+

Top non-repeatable levels by time:
     D:1: 1010 daAuts
     D:2: 68 daAuts
